 Dungeon Crawl Stone Soup version 0.30-b1-2-g02819fbbbe (webtiles) character file.

Game seed: 8968823126957249986

716 LLlMATKO the Trooper (level 7, -11/63 HPs)
             Began as a Minotaur Berserker on Sept 2, 2023.
             Was a Priest of Trog.
             Mangled by an ogre
             ... wielding a +0 giant spiked club
              (17 damage)
             ... on level 5 of the Dungeon.
             The game lasted 00:04:13 (3389 turns).

LLlMATKO the Trooper (Minotaur Berserker)           Turns: 3389, Time: 00:04:14

Health: -11/63     AC: 13    Str: 23    XL:     7   Next: 41%
Magic:  6/6        EV: 10    Int:  4    God:    Trog [***...]
Gold:   195        SH:  0    Dex: 10    Spells: 6/6 levels left

rFire   . . .        a - +0 hand axe
rCold   . . .        (no shield)
rNeg    . . .        t - +0 chain mail
rPois   .            (helmet restricted)
rElec   .            q - +0 cloak
rCorr   .            r - +0 pair of gloves
SInv    .            s - +0 pair of boots
Will    .....        o - amulet of the acrobat Stlth
                     (no ring)
HPRegen 0.30/turn    (no ring)
MPRegen 0.10/turn

%: acrobat
@: no status effects
A: horns 2, retaliatory headbutt
a: Renounce Religion, Berserk, Trog's Hand


You were on level 5 of the Dungeon.
You worshipped Trog.
Trog was most pleased with you.
You visited 1 branch of the dungeon, and saw 5 of its levels.

You collected 195 gold pieces.

Inventory:

Hand Weapons
 a - a +0 hand axe (weapon)
Missiles
 k - 10 poisoned darts (quivered)
Armour
 q - a +0 cloak (worn)
 r - a +0 pair of gloves (worn)
 s - a +0 pair of boots (worn)
 t - a +0 chain mail (worn)
Jewellery
 l - an amulet of reflection
 o - an amulet of the acrobat (around neck)
Scrolls
 d - 3 scrolls of amnesia {unknown}
 e - 8 scrolls of identify {unknown}
 j - a scroll of blinking {unknown}
 m - a scroll of enchant weapon {unknown}
 v - a scroll of silence {unknown}
 w - a scroll of butterflies {unknown}
Potions
 b - a potion of attraction {unknown}
 c - 2 potions of brilliance {unknown}
 f - 4 potions of flight {unknown}
 g - a potion of might
 h - 2 potions of degeneration {unknown}
 i - 8 potions of curing {unknown}
 n - 2 potions of ambrosia {unknown}
 p - a potion of magic {unknown}
 u - a potion of heal wounds
 x - a potion of haste {unknown}


   Skills:
 + Level 6.1 Fighting
 + Level 6.1 Axes
 + Level 5.4 Armour
 + Level 4.9 Dodging


You had 6 spell levels left.
You didn't know any spells.
Your spell library was empty.

Dungeon Overview and Level Annotations

Branches:
Dungeon (5/15)
 Temple: D:4-7

Altars:

Shops:
D:3 *=:?   D:5 *


Innate Abilities, Weirdness & Mutations

You have a pair of horns on your head.
You reflexively headbutt those who attack you in melee.


Message History

No target in view!
Found a stone staircase leading up.
No target in view!
An ogre comes into view. It is wielding a +0 giant spiked club.
The ogre shouts!
An ogre is nearby!
The ogre hits you with a +0 giant spiked club!
You hit the ogre.
The ogre is lightly wounded.
You slash the ogre!
The ogre is moderately wounded.
The ogre hits you with a +0 giant spiked club.
You are too injured to fight recklessly!
You are too injured to fight recklessly!
You are too injured to fight recklessly!
You are too injured to fight recklessly!
You are too injured to fight recklessly!
You are too injured to fight recklessly!
You are too injured to fight recklessly!
You are too injured to fight recklessly!
You are too injured to fight recklessly!
You are too injured to fight recklessly!
You slash the ogre!
The ogre is heavily wounded.
You hit the ogre.
The ogre is severely wounded.
The ogre hits you with a +0 giant spiked club!
You barely miss the ogre.
The ogre is severely wounded.
The ogre hits you with a +0 giant spiked club.
You hit the ogre.
The ogre is almost dead.
You hit the ogre but do no damage. Your headbutt misses the ogre.
The ogre is almost dead.
The ogre hits you with a +0 giant spiked club!!
* * * LOW HITPOINT WARNING * * *
You hit the ogre.
The ogre is almost dead.
The ogre hits you with a +0 giant spiked club!
You die...

#... .....# ####
#<....# #... #.....#
#... #.....# ####
#########+##.....# #...
#..............# #...
#....?.........# ####
#....O@........+ #.#.
#..............#####.'.
#########....|.....#.#.
#..........###.
#..........#.#.
#..........#.'.
#..........#.#.
#..........#.##
##.......###.#.


You could see an ogre.

Vanquished Creatures
  Sigmund (D:3)
  A wyvern (D:4)
  The ghost of NeyKoZ the Trooper, a weakling MiBe of Trog (D:3)
  A gnoll bouda (D:4)
  A hound (D:5)
  An orc priest (D:3)
  Crazy Yiuf (D:3)
  An orc wizard (D:3)
  Natasha (thrice) (D:3)
  5 gnolls (D:4)
  2 adders
  A worm (D:3)
  3 dart slugs
  10 orcs (D:3)
  7 endoplasms
  8 giant cockroaches
  9 goblins
  5 hobgoblins
  3 jackals (D:4)
  4 quokkas
  4 ball pythons
  3 bats
  2 frilled lizards
  7 kobolds
  6 rats
90 creatures vanquished.

Notes
Turn   | Place    | Note
-------+----------+-------------------------------------------
     0 | D:1      | LLlMATKO the Minotaur Berserker began the quest for the
                  | Orb.
     0 | D:1      | Reached XP level 1. HP: 19/19 MP: 0/0
   127 | D:1      | Reached XP level 2. HP: 19/27 MP: 1/1
   860 | D:2      | Reached XP level 3. HP: 29/33 MP: 2/2
  1007 | D:2      | Reached ** piety under Trog
  1523 | D:3      | Noticed Natasha
  1523 | D:3      | Found Izec's Assorted Antiques.
  1536 | D:3      | Killed Natasha
  1537 | D:3      | Reached XP level 4. HP: 20/41 MP: 3/3
  1648 | D:3      | Found Onlavump's Jewellery Boutique.
  1665 | D:3      | Noticed Sigmund
  1673 | D:3      | Killed Sigmund
  1674 | D:3      | Reached skill level 5 in Fighting
  1674 | D:3      | Reached skill level 5 in Axes
  1674 | D:3      | Reached XP level 5. HP: 48/48 MP: 4/4
  1708 | D:3      | Noticed Natasha
  1715 | D:3      | Killed Natasha
  1745 | D:3      | Noticed Natasha
  1749 | D:3      | Killed Natasha
  1750 | D:3      | Reached XP level 6. HP: 56/56 MP: 5/5
  1793 | D:3      | Found a runed translucent gate.
  1793 | D:3      | Noticed NeyKoZ's ghost (weakling MiBe)
  1793 | D:3      | Identified the +10 dagger "Tem Zeo" {drain, Str+3}
  1793 | D:3      | Identified the +2 leather armour "Rinu" {Will- Str+7}
  1799 | D:3      | Found a runed translucent gate.
  1800 | D:3      | Found Qeimat's Magic Scroll Shop.
  1800 | D:3      | Found a runed translucent gate.
  2161 | D:3      | Found Nuifaet's Book Emporium.
  2224 | D:3      | Found a runed translucent door.
  2225 | D:3      | Noticed Crazy Yiuf
  2533 | D:3      | Killed Crazy Yiuf
  2586 | D:3      | Killed NeyKoZ's ghost
  2730 | D:4      | Reached skill level 5 in Armour
  2730 | D:4      | Reached XP level 7. HP: 62/62 MP: 6/6
  2772 | D:4      | Noticed a wyvern
  2781 | D:4      | Killed a wyvern
  2879 | D:4      | Reached *** piety under Trog
  3220 | D:5      | Entered Level 5 of the Dungeon
  3225 | D:5      | Found Ea-nāṣir's Fine Metal Goods.
  3389 | D:5      | Mangled by an ogre

Illustrated notes

Levels and vault maps discovered:
D:1:      minmay_arrival_open_corners, layout_basic
D:2:      layout_basic
D:3:      layout_basic, biasface_ghost_orc_armoury, serial_shops,
          nicolae_shop_back_alley_shop, shop, nicolae_shop_just_a_little_nook,
          shop, uniq_crazy_yiuf_cottage, uniq_sigmund, uniq_natasha
D:4:      layout_cave_pools, kennysheep_generic_room_11
D:5:      layout_gridville, mainiacjoe_overflow_swirl,
          nicolae_ea-nasir_strikes_again

Skill      XL: |  1  2  3  4  5  6  7 |
---------------+----------------------+-----
Fighting       | 4 5 6 |  6.1
Axes           | 4 5 6 |  6.1
Armour         | 3 4 5 |  5.4
Dodging        | 3 4 |  4.9

Action                     |  1- 3 |  4- 6 |  7- 9 || total
---------------------------+-------+-------+-------++-------
  Melee: Hand axe          |    74 |    62 |    46 ||   182
         Headbutt          |     8 |    12 |    10 ||    30
         Punch             |       |       |     1 ||     1
 Invoke: Berserk           |     3 |     5 |     1 ||     9
         Trog's Hand       |       |     1 |       ||     1
 Armour: Animal skin       |    12 |     6 |       ||    18
         Chain mail        |       |     9 |    18 ||    27
  Dodge: Dodged            |    39 |    29 |    20 ||    88
